 Dungeon Crawl Stone Soup version 0.18.1-50-g88ac8fd (webtiles) character file.

11996 recordrepeat the Protected (level 11, -1/99 HPs)
             Began as a Hill Orc Fighter on Oct 24, 2016.
             Was a Believer of Beogh.
             Slain by a hill giant
             ... wielding a +0 giant club
              (19 damage)
             ... on level 10 of the Dungeon.
             The game lasted 00:43:16 (12922 turns).

recordrepeat the Protected (Hill Orc Fighter)      Turns: 12922, Time: 00:43:16

Health: -1/99      AC: 20    Str: 24    XL:     11   Next: 86%
Magic:  11/11      EV: 11    Int:  8    God:    Beogh [**....]
Gold:   209        SH:  7    Dex: 12    Spells: 0 memorised, 10 levels left

rFire  . . .     SeeInvis .     L - +3 falchion (drain)
rCold  . . .     Gourm    .     W - +0 chain mail
rNeg   . . .     Faith    .     u - +1 buckler {rPois}
rPois  +         Spirit   .     l - +0 helmet
rElec  .         Dismiss  .     H - +2 cloak
rCorr  .         Reflect  .     k - +0 pair of gloves
SustAt .         Harm     .     B - +0 pair of boots
MR     .....                    y - amulet of rage
Stlth  ..........               D - ring of poison resistance
                                A - +3 ring of strength

@: not resistant to hostile enchantments, extremely unstealthy
A: no striking features
a: Smiting, Renounce Religion, Evoke Berserk Rage


You were on level 10 of the Dungeon.
You worshipped Beogh.
Beogh was pleased with you.
You were not hungry.

You visited 1 branch of the dungeon, and saw 11 of its levels.

You collected 457 gold pieces.
You spent 248 gold pieces at shops.

Inventory:

Hand Weapons
 m - a +3 battleaxe
 E - a +1 flail of venom
 G - a +2 halberd
 L - a +3 falchion of draining (weapon)
Missiles
 c - 2 silver tomahawks (quivered)
Armour
 k - a +0 pair of gloves (worn)
 l - a +0 helmet (worn)
 u - a +1 buckler of poison resistance (worn)
 B - a +0 pair of boots (worn)
 H - a +2 cloak (worn)
 W - a +0 chain mail (worn)
Rods
 K - a +1 rod of ignition (13/13)
   (You found it on level 7 of the Dungeon)
Jewellery
 b - an uncursed ring of fire
 o - a +4 ring of intelligence
 y - an amulet of rage (around neck)
 A - a +3 ring of strength (left hand)
 D - a ring of poison resistance (right hand)
 F - an uncursed amulet of faith
Wands
 a - a wand of teleportation (4/9)
 R - a wand of flame (19/48)
 S - a wand of paralysis (10/24)
Scrolls
 e - a scroll of blinking
 g - 4 scrolls of teleportation {unknown}
 h - 2 scrolls of magic mapping
 n - 2 scrolls of enchant weapon
 q - a scroll of remove curse
 w - 3 scrolls of immolation {unknown}
 x - 2 scrolls of recharging {unknown}
 C - 3 scrolls of random uselessness {unknown}
 N - a scroll of amnesia {unknown}
 O - a scroll of noise {unknown}
 P - a scroll of acquirement {unknown}
 T - a scroll of fear {unknown}
 Z - a scroll of fog {unknown}
Potions
 d - 3 potions of might
 i - a potion of cancellation
 j - 6 potions of brilliance
 p - a potion of invisibility
 r - 5 potions of curing
 s - 2 potions of haste
 t - 3 potions of flight
 z - 3 potions of ambrosia
 J - a potion of mutation
 U - a potion of degeneration {unknown}
 V - a potion of magic {unknown}
 X - a potion of lignification {unknown}
Comestibles
 f - 8 bread rations
 I - 2 beef jerkies
 Q - 7 slices of pizza
 Y - 2 fruits


   Skills:
 + Level 9.8 Fighting
 + Level 7.3 Long Blades
 + Level 7.2 Axes
 + Level 10.0 Armour
 + Level 6.7 Dodging
 + Level 1.6 Stealth
 + Level 9.9 Shields


You had 10 spell levels left.
You didn't know any spells.

Dungeon Overview and Level Annotations

Branches:
Dungeon (11/15)            Temple (0/1) D:4             Orc (0/2) D:10
   Lair: D:8-11

Altars:
Ashenzari
Cheibriados
Dithmenos
Elyvilon
Gozag
Makhleb
Nemelex Xobeh
Okawaru
Sif Muna
Trog
Xom
Yredelemnul
Zin

Shops:
D:5 ?:!![   D:7 !   D:9 =   D:10 %

Annotations:
D:7 4 runed doors


Message History

You barely miss the hill giant.
The hill giant is moderately wounded.
The hill giant hits you with a giant club!!
* * * LOW HITPOINT WARNING * * *
You slash the hill giant!
The hill giant is heavily wounded.
The hill giant hits you with a giant club.
* * * LOW HITPOINT WARNING * * *
You hit the hill giant. You drain the hill giant!
The hill giant is heavily wounded.
You hit the hill giant. You drain the hill giant!
The hill giant is severely wounded.
You block the hill giant's attack.
You hit the hill giant.
The hill giant is severely wounded.
The hill giant hits you but does no damage.
You hit the hill giant but do no damage.
The hill giant is severely wounded.
The hill giant hits you with a giant club!!
You die...

'.# #[# #[# ###.# #...## ###
#....# #### ####### #.# #>...#
##... ......# #.# ##.#.# ##....
....<.# #.## ##@.#.########.....
......###..## #.C##..X.....#.....
......##....###.###........#.....
##..##......##...................
#......(.......####.......#.....
#.........>##.##############....
#>.#.#..#.............# ##...
#......##.....######### ##.#
#................# #.#


You could see a hill giant.

Vanquished Creatures
  Erolcha (D:8)
  A wizard (D:10)
  3 large abominations (D:10)
  2 guardian serpents
  A two-headed ogre (D:9)
  Grinder (D:6)
  Sigmund (D:5)
  16 yaks
  3 wyverns
  A human (D:7)
  2 hungry ghosts
  Eustachio (D:5)
  Edmund (D:6)
  Menkaure (D:6)
  6 small abominations (D:10)
  Duvessa (D:6)
  4 orc warriors
  2 black bears
  2 ice beasts
  3 sky beasts
  3 phantoms
  6 centaurs
  5 ogres
  2 big kobolds
  3 giant frogs (D:8)
  Dowan (D:6)
  14 killer bees
  3 wights (D:9)
  3 crimson imps
  A howler monkey (D:5)
  2 giant frog zombies (D:9)
  6 hounds
  A jelly (D:8)
  3 orc priests
  9 orc wizards
  3 iguanas
  5 worker ants
  3 sheep (D:7)
  A killer bee zombie (D:9)
  A howler monkey skeleton (D:6)
  15 adders
  2 shadow imps
  2 adder skeletons
  A dart slug (D:1)
  5 worms
  6 giant geckos
  27 orcs
  9 bats
  7 giant cockroaches
  4 goblins
  5 hobgoblins
  3 jackals
  7 quokkas
  2 ball pythons
  2 giant newts
  17 kobolds
  6 rats
  A spectral orc (D:4)
249 creatures vanquished.

Vanquished Creatures (others)
  A black bear (D:7)
  A killer bee (D:7)
  A jackal skeleton (D:8)
3 creatures vanquished.

Grand Total: 252 creatures vanquished

Notes
Turn   | Place    | Note
--------------------------------------------------------------
     0 | D:1      | recordrepeat the Hill Orc Fighter began the quest for the Orb.
     0 | D:1      | Reached XP level 1. HP: 19/19 MP: 1/1
   189 | D:1      | Reached XP level 2. HP: 19/27 MP: 2/2
   688 | D:2      | Reached XP level 3. HP: 33/33 MP: 3/3
   805 | D:2      | Found a snail-covered altar of Cheibriados.
   808 | D:2      | Found a burning altar of Makhleb.
   972 | D:2      | Reached XP level 4. HP: 39/41 MP: 4/4
  1082 | D:2      | Reached skill level 4 in Armour
  1553 | D:3      | Reached skill level 1 in Dodging
  1686 | D:3      | Reached XP level 5. HP: 35/47 MP: 5/5
  1765 | D:3      | Noticed an ogre
  1779 | D:3      | Killed an ogre
  1779 | D:3      | Reached skill level 5 in Fighting
  2094 | D:3      | Found a bloodstained altar of Trog.
  2382 | D:4      | Reached XP level 6. HP: 56/56 MP: 6/6
  2551 | D:4      | Found a staircase to the Ecumenical Temple.
  2599 | D:4      | Noticed a phantom
  2622 | D:4      | Killed a phantom
  2683 | D:4      | Found a deep blue altar of Sif Muna.
  2720 | D:4      | Found an opulent altar of Gozag.
  2786 | D:4      | Found a basalt altar of Yredelemnul.
  2794 | D:4      | Reached skill level 5 in Shields
  2896 | D:5      | Entered Level 5 of the Dungeon
  2896 | D:5      | Noticed Sigmund
  2915 | D:5      | Found Weleple's Distillery.
  2960 | D:5      | Killed Sigmund
  2960 | D:5      | Reached skill level 5 in Axes
  2960 | D:5      | Reached XP level 7. HP: 58/61 MP: 7/7
  2996 | D:5      | Found a shimmering altar of Xom.
  2997 | D:5      | Found Utoti Ulisch's Distillery.
  3172 | D:5      | Found Abyuneabue's Book Boutique.
  3192 | D:5      | Noticed Menkaure
  3217 | D:6      | Killed Menkaure
  3217 | D:6      | Reached XP level 8. HP: 10/70 MP: 8/8
  3525 | D:5      | Reached skill level 5 in Armour
  3802 | D:5      | Found Rib Jank's Magic Scroll Boutique.
  3820 | D:5      | Bought a scroll of identify for 20 gold pieces
  3820 | D:5      | Bought a scroll of identify for 20 gold pieces
  3824 | D:5      | Bought a scroll of identify for 20 gold pieces
  4034 | D:5      | Found Paxe's Antique Armour Emporium.
  4274 | D:5      | Noticed Eustachio
  4302 | D:5      | Killed Eustachio
  4395 | D:5      | Found a sparkling altar of Nemelex Xobeh.
  4775 | D:6      | Noticed Grinder
  4778 | D:6      | Paralysed by Grinder for 2 turns
  4784 | D:6      | Paralysed by Grinder for 6 turns
  4797 | D:6      | Paralysed by Grinder for 6 turns
  4813 | D:6      | Paralysed by Grinder for 2 turns
  4823 | D:6      | Paralysed by Grinder for 7 turns
  4824 | D:6      | HP: 1/70 [Grinder/nerve-wracking pain (9)]
  4832 | D:6      | Killed Grinder
  5301 | D:6      | Noticed Edmund
  5325 | D:6      | Killed Edmund
  5325 | D:6      | Reached skill level 1 in Long Blades
  5325 | D:6      | Reached skill level 6 in Armour
  5325 | D:6      | Reached XP level 9. HP: 64/78 MP: 9/9
  5583 | D:6      | Noticed Duvessa
  5585 | D:6      | Noticed Dowan
  5609 | D:6      | Killed Duvessa
  5618 | D:6      | Killed Dowan
  6221 | D:7      | Found Gufra's Distillery.
  6343 | D:7      | Reached skill level 5 in Dodging
  6351 | D:7      | Reached skill level 7 in Armour
  6673 | D:7      | Reached XP level 10. HP: 75/86 MP: 10/10
  6712 | D:7      | Reached skill level 8 in Armour
  7067 | D:7      | Found a huge runed gate.
  7068 | D:7      | Found a huge runed gate.
  7069 | D:7      | Found a huge runed gate.
  7069 | D:7      | Noticed a griffon
  7070 | D:7      | Found a huge runed gate.
  7070 | D:7      | Noticed a death yak
  7765 | D:8      | Found a shadowy altar of Dithmenos.
  7767 | D:8      | Found a white marble altar of Elyvilon.
  7776 | D:8      | Found an iron altar of Okawaru.
  7865 | D:8      | Reached skill level 1 in Stealth
  7928 | D:8      | Became a worshipper of Beogh the Brigand
  8187 | D:8      | Found a glowing silver altar of Zin.
  8524 | D:8      | Noticed Erolcha
  8833 | D:8      | Killed Erolcha
  9083 | D:8      | Reached * piety under Beogh
  9083 | D:8      | Reached skill level 5 in Long Blades
  9768 | D:9      | Reached XP level 11. HP: 87/95 MP: 11/11
  9775 | D:9      | Reached skill level 9 in Armour
 10154 | D:9      | Reached ** piety under Beogh
 10224 | D:9      | Found a shattered altar of Ashenzari.
 10240 | D:9      | Found Vatest's Jewellery Shoppe.
 10246 | D:9      | Bought a +3 ring of strength for 188 gold pieces
 10369 | D:9      | Identified Fitej's Disquisition on the Lucky Compass (You found it on level 9 of the Dungeon)
 10514 | D:10     | Entered Level 10 of the Dungeon
 11052 | D:10     | Found a staircase to the Orcish Mines.
 11573 | D:10     | Found Begivaim's Food Boutique.
 11685 | D:10     | Noticed a wizard
 11695 | D:10     | Killed a wizard
 11742 | D:10     | Noticed a large abomination
 11974 | D:10     | Killed a large abomination
 12021 | D:10     | Noticed a large abomination
 12281 | D:10     | Killed a large abomination
 12572 | D:10     | Reached skill level 10 in Armour
 12637 | D:10     | Noticed a hill giant
 12922 | D:10     | Slain by a hill giant

Skill      XL: |  1  2  3  4  5  6  7  8  9 10 11 |
---------------+----------------------------------+-----
Fighting       | 4 5 6 7 8 9 |  9.8
Axes           | 3 5 7 |  7.2
Shields        | 4 5 6 7 8 9 |  9.9
Armour         | 4 6 7 8 10 | 10.0
Dodging        | 1 2 3 4 5 6 |  6.7
Long Blades    | 1 2 5 7 |  7.3
Stealth        | 1 |  1.6

Action                   |  1- 3 |  4- 6 |  7- 9 | 10-12 || total
-------------------------+-------+-------+-------+-------++-------
Melee: War axe           |    89 |   191 |   120 |       ||   400
       Falchion          |       |       |   291 |   779 ||  1070
Invok: Convert to Beogh  |       |       |       |     1 ||     1
  Use: Potion            |       |     1 |     2 |       ||     3
       Scroll            |       |       |     9 |     5 ||    14
 Stab: Distracted        |       |       |       |     1 ||     1
  Eat: Chunk             |       |     7 |     8 |     6 ||    21
       Beef jerky        |       |       |     4 |     1 ||     5
       Pizza             |       |       |     2 |       ||     2
       Meat ration       |       |       |     1 |     4 ||     5
       Fruit             |       |       |     1 |     3 ||     4
Armor: Scale mail        |    61 |    85 |   230 |    91 ||   467
       Chain mail        |       |       |       |   236 ||   236
Dodge: Dodged            |    33 |    66 |   229 |   354 ||   682
Block: Shield            |    70 |   108 |     7 |       ||   185
       Buckler           |       |       |   148 |   285 ||   433
